 Dungeon Crawl Stone Soup version 0.29.1-15-g9cfb28693d (webtiles) character file.

Game seed: 8442372586523129777

285 hawla the Chiller (level 6, -36/46 HPs)
             Began as a Meteoran Ice Elementalist on Apr 3, 2023.
             Killed by an exploding phantom (52 damage)
             ... ignited by their inner flame
             ... on level 5 of the Dungeon.
             The game lasted 00:08:26 (1274 turns).

hawla the Chiller (Meteoran Ice Elementalist)       Turns: 1274, Time: 00:08:27

Health: -36/46     AC:  4    Str:  9    XL:     6   Next: 86%
Magic:  14/14      EV: 12    Int: 22    God:
Gold:   101        SH:  0    Dex: 14    Spells: 11/15 levels left

rFire   . . .      SeeInvis .   d - staff of earth
rCold   . . .      Faith    .   (no shield)
rNeg    . . .      Spirit   .   a - +1 robe
rPois   .          Reflect  .   e - +0 helmet
rElec   .          Harm     .   (no cloak)
rCorr   .          Rampage  .   (no gloves)
Will    .....                   (no boots)
Stlth   +.........              (no amulet)
HPRegen 0.15/turn               (no ring)
MPRegen 0.14/turn               (no ring)

@: glowing
A: sense surroundings 2, otherworldly, glowing, explore regen, clever 1, subdued
magic 1
a: no special abilities


You were on level 5 of the Dungeon.
You visited 1 branch of the dungeon, and saw 5 of its levels.

You collected 101 gold pieces.

Inventory:

Hand Weapons
 k - a +2 vampiric dagger
Armour
 a - a +1 robe (worn)
 e - a +0 helmet (worn)
Magical Staves
 d - a staff of earth (weapon)
Jewellery
 m - an amulet of guardian spirit
Wands
 i - a wand of iceblast (17) (quivered)
 n - a wand of flame (27)
Scrolls
 f - a scroll of silence
Potions
 b - a potion of magic
 g - 2 potions of attraction
 h - a potion of ambrosia
 j - 2 potions of heal wounds


   Skills:
 - Level 0.9 Fighting
 + Level 2.2 Staves
 - Level 2.8 Dodging
 - Level 1.4 Stealth
 - Level 5.0 Spellcasting
 - Level 6.2 Ice Magic
 + Level 0.7 Evocations


You had 11 spell levels left.
You knew the following spells:

 Your Spells              Type           Power      Damage    Failure   Level
a - Freeze                Ice            100%       1d11      1%          1
b - Frozen Ramparts       Ice            50%        1d8       1%          3

Your spell library contained the following spells:

 Spells                   Type           Power      Damage    Failure   Level
 Ozocubu's Armour         Ice            25%        N/A       1%          3
 Apportation              Tloc           8%         N/A       8%          1
 Necrotise                Necr           16%        1d4       8%          1
 Summon Small Mammal      Summ           16%        N/A       8%          1
 Hailstorm                Conj/Ice       14%        3d5       24%         4


Dungeon Overview and Level Annotations

Branches:
Dungeon (5/15) Zot: 1720
 Temple: D:4-7

Altars:
Dithmenos
Sif Muna


Innate Abilities, Weirdness & Mutations

You passively map the area around you.
You are easily found by Zot.
You glow in the dark.
You regain HP and MP as you explore.
Your mind is acute. (Int +4, Str/Dex -1)
Your spells are a little easier to cast, but a little less powerful.


Message History

You hit the phantom but do no damage. The phantom barely misses you.
Casting: Freeze (safe; 1% risk of failure)
Confirm with . or Enter, or press ? or * to list all spells.
Casting: Frozen Ramparts (safe; 1% risk of failure)
Press: ? - help, Dir - look around, f - activate The walls around you are covered in ice.
The phantom completely resists.
The wall freezes the phantom but does no damage.
The phantom hits you.
The phantom blinks!
You blink.
The frozen ramparts melt away as you move.
As you read the scroll labelled FIN MUFANEUZYM, it crumbles to dust.
The creatures around you are filled with an inner flame!
It was a scroll of immolation.
The phantom misses you.
As you read the scroll labelled GID POWAGI, it crumbles to dust.
It is a scroll of enchant armour.
Your +0 robe glows green for a moment.
The phantom hits you but does no damage.
The phantom attacks as you move away!
The phantom hits you but does no damage.
The phantom attacks as you move away! The phantom hits you.
The phantom attacks as you move away! The phantom hits you.
The phantom attacks as you move away! The phantom hits you.
You see here 7 gold pieces.
You now have 101 gold pieces (gained 7).
The phantom misses you.
You closely miss the phantom. The phantom hits you. x2
You hit the phantom but do no damage. The phantom closely misses you.
You hit the phantom but do no damage. The phantom hits you.
You closely miss the phantom. The phantom hits you.
You barely miss the phantom. The phantom closely misses you.
You hit the phantom.
Flame seeps out of the phantom.
The phantom is lightly damaged.
The phantom is engulfed in blazing flames.
Flame seeps out of the phantom.
The phantom hits you but does no damage.
The phantom is engulfed in blazing flames.
The phantom explodes!
The fiery explosion engulfs you!!!
Ouch! That really hurt!
You die...

#. ###. * ##...
###..## , * #...##
* '##* #####
####.### ..., #...#
##....# *
....###...# #..####
......'.@§# ##.##
*......##.§°####..#
.........§§#....##
......#..>.'.####
*......#....### *
....!.#....# * ,
*......#....#
#........#
####.....# *,


There were no monsters in sight!

Vanquished Creatures
  A phantom (D:5)
  An orc priest (D:4)
  2 hounds (D:5)
  Ijyb (D:4)
  2 iguanas (D:4)
  Robin (D:4)
  4 gnolls (D:4)
  2 adders
  An ufetubus (D:4)
  A dart slug (D:4)
  2 orcs (D:4)
  7 ball pythons
  A bat (D:1)
  2 endoplasms
  A giant cockroach (D:4)
  7 hobgoblins
  A frilled lizard (D:1)
  12 goblins
  2 kobolds
  A rat (D:2)
52 creatures vanquished.

Notes
Turn   | Place    | Note
-------+----------+-------------------------------------------
     0 | D:1      | hawla the Meteoran Ice Elementalist began the quest for the
                  | Orb.
     0 | D:1      | Reached XP level 1. HP: 14/14 MP: 5/5
    29 | D:1      | Reached XP level 2. HP: 15/20 MP: 4/6
   172 | D:3      | Gained mutation: Your body sometimes deteriorates upon
                  | taking damage. [potion of mutation]
   172 | D:3      | Gained mutation: You are agile. (Dex +4, Str/Int -1)
                  | [potion of mutation]
   172 | D:3      | Gained mutation: You passively map the area around you.
                  | [potion of mutation]
   173 | D:3      | Lost mutation: Your body sometimes deteriorates upon taking
                  | damage. [potion of mutation]
   173 | D:3      | Lost mutation: You are agile. (Dex +4, Str/Int -1) [potion
                  | of mutation]
   173 | D:3      | Gained mutation: Your spells are a little easier to cast,
                  | but a little less powerful. [potion of mutation]
   173 | D:3      | Gained mutation: You have sharp toenails. [potion of
                  | mutation]
   173 | D:3      | Lost mutation: You have sharp toenails. [potion of
                  | mutation]
   173 | D:3      | Gained mutation: Your mind is acute. (Int +4, Str/Dex -1)
                  | [potion of mutation]
   205 | D:3      | Reached skill level 5 in Ice Magic
   295 | D:4      | Reached XP level 3. HP: 12/26 MP: 5/8
   299 | D:4      | Learned a level 3 spell: Frozen Ramparts
   392 | D:4      | Reached XP level 4. HP: 28/33 MP: 1/10
   467 | D:4      | Noticed Ijyb
   476 | D:4      | Killed Ijyb
   477 | D:4      | Reached XP level 5. HP: 23/39 MP: 4/12
   566 | D:4      | Found a shimmering blue altar of Sif Muna.
   571 | D:4      | Found a shadowy altar of Dithmenos.
   692 | D:4      | Noticed Robin
   696 | D:4      | Reached skill level 6 in Ice Magic
   696 | D:4      | Reached XP level 6. HP: 43/46 MP: 9/14
   712 | D:4      | Killed Robin
   769 | D:4      | Reached skill level 5 in Spellcasting
   967 | D:5      | Entered Level 5 of the Dungeon
  1087 | D:5      | Reached skill level 1 in Staves
  1274 | D:5      | Killed by an exploding phantom... ignited by their inner
                  | flame

Illustrated notes

Levels and vault maps discovered:
D:1:      wander_arrival_fairy_ring, layout_basic
D:2:      layout_rooms, roderic_nine_men_s_morris, uniq_natasha
D:3:      layout_rooms, gup_sewer_entry_spiral, dreamdust_wishing_well,
          chequers_serial_rivers_marsh, minmay_box_of_dots, uniq_grinder
D:4:      layout_gridville, grunt_temple_overflow_open, uniq_ijyb, uniq_robin
D:5:      layout_basic, minmay_temple_entry_proselytizer, serial_shops,
          nicolae_shop_stone, grunt_decor_clamped, minmay_strange_pillars

Skill      XL: |  1  2  3  4  5  6 |
---------------+-------------------+-----
Ice Magic      | 5 6 |  6.2
Spellcasting   | 3 4 5 |  5.0
Staves         | 2 |  2.2
Fighting       | |  0.9
Dodging        | |  2.8
Stealth        | |  1.4
Evocations     | |  0.7

Action                   |  1- 3 |  4- 6 || total
-------------------------+-------+-------++-------
Melee: Unarmed           |    20 |     5 ||    25
       Staff             |       |    44 ||    44
       Dagger            |       |    11 ||    11
       Punch             |       |     2 ||     2
 Cast: Freeze            |    24 |    26 ||    50
       Frozen Ramparts   |     2 |    15 ||    17
  Use: Potion            |     2 |       ||     2
       Scroll            |     1 |     8 ||     9
Armor: Robe              |     3 |    24 ||    27
Dodge: Dodged            |    18 |    58 ||    76
